Cogmind - Beta 13 *** ADVENTURER MODE // 2024.06.30 @ 14:32:55 // Winter2019/RPGLIKE Player: nivertius Result: Destroyed by B-36 Bruiser with Hammer Performance ------------- Evolutions (2) 1000 Regions Visited (5) 1000 Robots Destroyed (93) 465 Value Destroyed (2326) 2326 Prototype IDs (4) 80 Alien Tech Used (0) 0 Bonus (188) 188 TOTAL SCORE: 5059 Bonus ------- High Alert Combat Kills 174 Follower Combat Kills 14 Cogmind --------- Core Integrity 0/600 Matter 300/300 Energy 346/360 System Corruption 3% Temperature Cool (5) Movement Walking (130) Location -8/Materials Parts ------- > --- POWER (1) -------- Fission Core > --- PROPULSION (3) --- Titanium Leg Titanium Leg Titanium Leg > --- UTILITY (5) ------ Advanced Targeting Computer Particle Charger Hardened Medium Armor Plating Hardlight Generator > --- WEAPON (2) ------- Particle Gun Precision Beam Rifle > --- INVENTORY (3) ---- Protomatter-13 Heavy Ion Engine Mining Laser Peak State ------------ > --- POWER ------------ Fission Core > --- PROPULSION ------- Titanium Leg Titanium Leg Titanium Leg > --- UTILITY ---------- Advanced Targeting Computer Particle Charger Hardened Medium Armor Plating Hardened Medium Armor Plating Hardlight Generator > --- WEAPON ----------- Particle Gun Precision Beam Rifle > --- INVENTORY -------- Protomatter Heavy Ion Engine Mining Laser [Rating: 35] Favorites ----------- Power Fission Core Engine Ion Engine Power Core Fission Core Propulsion Light Treads Treads Light Treads Leg Titanium Leg Hover Unit Aerolev Unit Utility Hardened Medium Armor Plating Device Hardlight Generator Storage Large Battery Processor Advanced Targeting Computer Protection Hardened Medium Armor Plating Weapon Medium Laser Energy Gun Medium Laser Energy Cannon Beam Cannon Special Weapon Mining Laser Build | -11 -10 -10 -10 -9 -8 ------- Run | Yrd Mat Min Exi Min Mat Slots Evolved 7 | . 1 1 . 3 2 Power . | . . . . . . Propulsion 2 | . . . . 2 . Utility 4 | . 1 1 . 1 1 Weapon 1 | . . . . . 1 Parts Attached 46 | 3 3 6 . 8 26 Power 5 | 1 1 1 . . 2 Engine 3 | 1 1 . . . 1 Core 2 | . . 1 . . 1 Reactor . | . . . . . . Propulsion 14 | 1 . . . 3 10 Treads 1 | 1 . . . . . Leg 8 | . . . . 3 5 Wheel . | . . . . . . Hover 5 | . . . . . 5 Flight . | . . . . . . Utility 15 | . 1 5 . 2 7 Device 4 | . . 1 . 1 2 Storage 1 | . 1 . . . . Processor 2 | . . 2 . . . Hackware . | . . . . . . Protection 8 | . . 2 . 1 5 Artifact . | . . . . . . Weapon 12 | 1 1 . . 3 7 Energy Gun 8 | 1 1 . . 1 5 Energy Cannon 2 | . . . . . 2 Ballistic Gun . | . . . . . . Ballistic Cannon . | . . . . . . Launcher . | . . . . . . Special Weapon 2 | . . . . 2 . Impact Weapon . | . . . . . . Slashing Weapon . | . . . . . . Piercing Weapon . | . . . . . . Special Melee Weapon . | . . . . . . Unidentified Prototypes 4 | . . . . 1 3 Parts Lost 1 | . . . . . 1 Power . | . . . . . . Propulsion . | . . . . . . Utility 1 | . . . . . 1 Weapon . | . . . . . . Highest Loss Streak 1 | . . . . . 1 To Critical Strikes . | . . . . . . Average Slot Usage (%) 95 | . 83 95 100 94 99 Engine 2 | . 21 1 . . . Core 12 | . . 16 16 14 10 Treads 10 | . 21 17 16 9 . Leg 8 | . . . . 12 17 Hover 3 | . . . . . 12 Device 4 | . . 3 . . 13 Storage 3 | . 19 7 . . . Processor 10 | . . 10 16 14 10 Protection 21 | . . 20 33 28 20 Energy Gun 13 | . 21 17 16 11 8 Energy Cannon 1 | . . . . . 6 Naked Turns . | . . . . . . Heaviest Build 40 | 4 10 28 28 28 40 Greatest Support 51 | 20 20 20 20 30 51 Greatest Overweight (x) 4 | . . 1 1 2 4 Average Overweight (x) . | . . . 1 . . Largest Inventory Capacity 3 | . 2 2 2 2 3 Average Capacity 2 | . 1 2 2 2 2 Most Carried 3 | . 2 2 1 2 3 Average Carried 1 | . 1 1 1 1 2 Final Capacity 3 | . 2 2 2 2 3 Final Carried 3 | . 2 1 1 2 3 Class Distribution -------------------- 94% | Hacker-Mutant 5% | Mutant Dominant Class ---------------- Hacker-Mutant | -10/Materials Hacker-Mutant | -10/Mines Hacker-Mutant | -10/Exiles Hacker-Mutant | -9/Mines Hacker-Mutant | -8/Materials Resources | -11 -10 -10 -10 -9 -8 ----------- Run | Yrd Mat Min Exi Min Mat Matter Collected 723 | 212 48 78 . 108 277 Remotely . | . . . . . . Salvage Created 2768 | . 443 129 . 227 1969 Parts 151 | . 37 15 . 15 84 Haulers Intercepted 5 | . 1 . . . 4 Recyclers Shooed 4 | . 3 . . . 1 Parts Field Recycled . | . . . . . . Retrieved Matter . | . . . . . . Parts Self-Destructed . | . . . . . . Prevented . | . . . . . . Kills | -11 -10 -10 -10 -9 -8 ------- Run | Yrd Mat Min Exi Min Mat Combat Hostiles Destroyed 73 | . 11 9 . 12 41 Guns 48 | . 10 9 . 12 17 Cannons 17 | . . . . . 17 Classes Destroyed 13 | . 6 3 . . 4 Worker 6 | . . 1 . 2 3 Builder 3 | . 1 1 . 1 . Tunneler 1 | . . 1 . . . Hauler 5 | . 1 . . . 4 Recycler 6 | . 3 . . . 3 Operator 1 | . . . . . 1 Watcher 5 | . 2 . . . 3 Swarmer 23 | . 6 2 . 5 10 Grunt 31 | . 5 3 . 4 19 Duelist 1 | . . . . . 1 Protector 1 | . . . . . 1 Sentry 10 | . . . . . 10 Assembled 7 | . . 4 . 3 . Best Kill Streak 7 | . 4 4 . 5 7 Combat Bots Only 6 | . 4 4 . 5 6 Max Kills in Single Turn 2 | . 1 1 . 1 2 Gunslinging . | . . . . . . Exploded . | . . . . . . Melee . | . . . . . . Uniques/NPCs Destroyed . | . . . . . . Combat | -11 -10 -10 -10 -9 -8 -------- Run | Yrd Mat Min Exi Min Mat Hostile Shots Fired 580 | . 105 67 . 80 328 Missed 166 | . 30 18 . 19 99 Damage Taken 4063 | . 592 681 . 568 2222 Core 2682 | . 484 525 . 318 1355 Absorbed by Shields 616 | . . . . . 616 Redirected to Core 2137 | . 334 336 . 294 1173 Ignored by Resistances 1365 | . 188 198 . 171 808 Core Remaining (%) 100 | 100 . . . 100 . Volleys Fired 451 | . 84 59 . 69 239 Largest 2 | . 1 1 . 1 2 Hottest 126 | . 50 50 . 100 126 Shots Fired 542 | . 84 60 . 71 327 Gun 382 | . 84 60 . 53 185 Cannon 142 | . . . . . 142 Launcher . | . . . . . . Special 18 | . . . . 18 . Kinetic . | . . . . . . Thermal 542 | . 84 60 . 71 327 Explosive . | . . . . . . Electromagnetic . | . . . . . . Robot Hit Streak 49 | . 22 12 . 18 49 Robot Miss Streak 3 | . 3 1 . 2 2 Penetration Max . | . . . . . . Secondary Targets 3 | . . . . . 3 Max Gunslinging Chain 1 | . . . . . 1 Shots Hit Robots 455 | . 68 50 . 51 286 Core Hits 167 | . 28 21 . 22 96 Critical Kills . | . . . . . . Critical Parts Destroyed . | . . . . . . Critical Strikes 31 | . 8 1 . 6 16 Burn 31 | . 8 1 . 6 16 Melee Attacks . | . . . . . . Impact . | . . . . . . Slashing . | . . . . . . Piercing . | . . . . . . Sneak Attacks . | . . . . . . Combat Hostiles . | . . . . . . Follow-up Attacks . | . . . . . . Damage Inflicted 7017 | . 864 551 . 730 4872 Guns 4643 | . 861 548 . 570 2664 Cannons 2176 | . . . . . 2176 Explosions . | . . . . . . Melee . | . . . . . . Ramming 54 | . 3 3 . 16 32 Kinetic . | . . . . . . Thermal 6963 | . 861 548 . 714 4840 Explosive . | . . . . . . Electromagnetic . | . . . . . . Impact . | . . . . . . Slashing . | . . . . . . Piercing . | . . . . . . Highest Corruption 3 | . 1 1 1 1 3 Average Corruption 1 | . 1 1 1 1 3 Corruption Purged . | . . . . . . Corruption Blocked . | . . . . . . Effects 33 | . 6 9 3 11 4 Message Errors 9 | . 2 3 1 2 1 Matter Fused 8 | . 1 3 1 3 . Heat Flow Errors 7 | . 2 1 1 2 1 Energy Discharges 2 | . . . . 2 . Data Loss (minor) 1 | . 1 . . . . Data Loss (major) 1 | . . 1 . . . Misfires 4 | . . 1 . 2 1 Weapon Failures 1 | . . . . . 1 Overload Shots . | . . . . . . Overflow Damage 59 | . . . . . 59 Projectiles 57 | . . . . . 57 Explosions . | . . . . . . Melee 2 | . . . . . 2 Knockbacks . | . . . . . . Impact . | . . . . . . Kinetic . | . . . . . . Secondary . | . . . . . . Self-Inflicted Damage 12 | . . . . . 12 Shots . | . . . . . . Rammed 4 | . 2 1 . . 1 Targets Rammed 6 | . 2 1 . 1 2 Kicked 2 | . . . . 1 1 Crushed . | . . . . . . Highest Temperature 352 | . 232 229 100 352 325 Average Temperature 77 | . 69 54 55 115 73 Received Heat Transfer 1991 | . 333 285 . 156 1217 Effects 3 | . 1 . . 1 1 Shutdowns 1 | . . . . 1 . Interference 1 | . 1 . . . . Damage (minor) 1 | . . . . . 1 Siege Activations . | . . . . . . Robots Corrupted . | . . . . . . Combat Hostiles . | . . . . . . Parts Fried . | . . . . . . Impact Corruptions 1 | . . . . . 1 Robots Melted 8 | . 1 . . . 7 Combat Hostiles 8 | . 1 . . . 7 Parts Melted 44 | . 7 2 . 5 30 Heat Transferred 18933 | . 3145 1702 . 2446 11640 Parts Sabotaged . | . . . . . . Parts Stolen . | . . . . . . Parts Stripped . | . . . . . . Power Chain Reactions . | . . . . . . Alert | -11 -10 -10 -10 -9 -8 ------- Run | Yrd Mat Min Exi Min Mat Peak Influence 653 | . 197 70 . 158 653 Initial 15 | . . 15 . . 3 Average 139 | . 79 30 . 47 325 Maximum Alert Level 2 | . . . . . 2 Low Security (%) 77 | 100 100 100 . 100 33 Level 1 6 | . . . . . 18 Level 2 15 | . . . . . 47 Level 3 . | . . . . . . Level 4 . | . . . . . . Level 5 . | . . . . . . High Security . | . . . . . . Max Security . | . . . . . . Squads Dispatched 14 | . 1 . . . 13 Investigation 2 | . 1 . . . 1 Extermination . | . . . . . . Reinforcement 2 | . . . . . 2 Assault 1 | . . . . . 1 Garrison 9 | . . . . . 9 Intercept . | . . . . . . Searches Triggered . | . . . . . . Construction Impeded . | . . . . . . Haulers Reinforced . | . . . . . . Active Scanning Responses . | . . . . . . Cargo Convoy Interrupts . | . . . . . . Stealth | -11 -10 -10 -10 -9 -8 --------- Run | Yrd Mat Min Exi Min Mat Distress Signals 3 | . 1 . . . 2 Communications Jammed . | . . . . . . Distress Signals . | . . . . . . Times Spotted 124 | . 19 25 . 14 66 Peak Tracking Total 16 | . 3 16 . 4 12 Tactical Retreats 9 | . 2 1 . . 6 Traps | -11 -10 -10 -10 -9 -8 ------- Run | Yrd Mat Min Exi Min Mat Traps Triggered 8 | . 2 . . . 6 Indirectly . | . . . . . . Trap Hack Attempts . | . . . . . . Triggered . | . . . . . . Disarmed . | . . . . . . Reprogrammed . | . . . . . . Reused . | . . . . . . Traps Extracted . | . . . . . . Installed . | . . . . . . Triggered . | . . . . . . Machines | -11 -10 -10 -10 -9 -8 ---------- Run | Yrd Mat Min Exi Min Mat Machines Disabled 2 | . . . . . 2 Max in Single Turn 1 | . . . . . 1 Machines Repaired . | . . . . . . Machines Dismantled . | . . . . . . Machines Sabotaged . | . . . . . . Overloaded Fab Kills . | . . . . . . Hacking | -11 -10 -10 -10 -9 -8 --------- Run | Yrd Mat Min Exi Min Mat Machines Accessed 10 | . 4 1 . 1 4 Terminals 6 | . 3 . . . 3 Fabricators . | . . . . . . Repair Stations . | . . . . . . Recycling Units 1 | . 1 . . . . Scanalyzers 1 | . . . . . 1 Garrison Access . | . . . . . . Total Hacks 44 | . 26 1 . 1 16 Successful 25 | . 12 1 . 1 11 Failed 19 | . 14 . . . 5 Catastrophic 1 | . . . . . 1 Database Lockouts . | . . . . . . Manual 18 | . 7 . . . 11 Terminals 37 | . 24 . . . 13 Fabricators . | . . . . . . Repair Stations . | . . . . . . Recycling Units 2 | . 2 . . . . Scanalyzers 3 | . . . . . 3 Garrison Access . | . . . . . . Terminal Hacks 16 | . 9 1 . 1 5 Open Door 2 | . . 1 . 1 . Branch Access Points 2 | . 1 . . . 1 Emergency Access Points 2 | . 2 . . . . Terminal Index 3 | . 1 . . . 2 Fabricator Index 1 | . . . . . 1 Garrison Index 1 | . . . . . 1 Alert Level 1 | . 1 . . . . Unreport Threat 1 | . 1 . . . . Locate Traps 1 | . 1 . . . . Hauler Manifests 1 | . 1 . . . . Registered Components 1 | . 1 . . . . Fabricator Hacks . | . . . . . . Repair Station Hacks . | . . . . . . Recycling Unit Hacks 1 | . 1 . . . . Retrieve Components 1 | . 1 . . . . Scanalyzer 3 | . . . . . 3 Insert Component 1 | . . . . . 1 Analyze 2 | . . . . . 2 Garrison Access Hacks . | . . . . . . Unauthorized Hacks 5 | . 2 . . . 3 Terminals 5 | . 2 . . . 3 Botnet 5 | . 2 . . . 3 Fabricators . | . . . . . . Repair Stations . | . . . . . . Recycling Units . | . . . . . . Scanalyzers . | . . . . . . Garrison Access . | . . . . . . Data Cores Recovered . | . . . . . . Used . | . . . . . . Hacking Detections 7 | . 3 . . . 4 Full Trace Events 1 | . 1 . . . . Feedback Events . | . . . . . . Feedback Blocked . | . . . . . . Robot Schematics Acquired . | . . . . . . Robots Built . | . . . . . . Authchips . | . . . . . . Time . | . . . . . . Total Robot Build Rating . | . . . . . . Part Schematics Acquired 1 | . . . . . 1 Parts Built . | . . . . . . Authchips . | . . . . . . Time . | . . . . . . Total Part Build Rating . | . . . . . . Parts Repaired . | . . . . . . Time . | . . . . . . Parts Recycled . | . . . . . . Recycled Matter . | . . . . . . Retrieved Matter . | . . . . . . Retrieved Components 10 | . 10 . . . . Parts Scanalyzed 1 | . . . . . 1 Part Schematics Acquired 1 | . . . . . 1 Parts Damaged . | . . . . . . Bothacking | -11 -10 -10 -10 -9 -8 ------------ Run | Yrd Mat Min Exi Min Mat Used RIF Installer . | . . . . . . Robots Hacked . | . . . . . . Non-combat . | . . . . . . Combat . | . . . . . . Robot Hacks Applied . | . . . . . . Relay Couplers Released . | . . . . . . Fabnet Peak Effective % . | . . . . . . Robots Rewired . | . . . . . . Allies Hacked . | . . . . . . Hacks Repelled . | . . . . . . Allies | -11 -10 -10 -10 -9 -8 -------- Run | Yrd Mat Min Exi Min Mat Total Allies 2 | . . . . 2 . Largest Group 1 | . . . . 1 . Highest-Rated Group 31 | . . . . 31 . Highest-Rated Ally 31 | . . . . 31 . Total Orders . | . . . . . . Ally Attacks 7 | . . . . 7 . Total Damage 127 | . . . . 127 . Kills 2 | . . . . 2 . Allies Corrupted . | . . . . . . Allies Melted . | . . . . . . Intel | -11 -10 -10 -10 -9 -8 ------- Run | Yrd Mat Min Exi Min Mat Robot Analysis Total . | . . . . . . Derelict Logs Recovered 1 | . . 1 . . . Drone Launches . | . . . . . . Drone Recoveries . | . . . . . . Exploration | -11 -10 -10 -10 -9 -8 ------------- Run | Yrd Mat Min Exi Min Mat Turns Passed 5987 | 72 644 1330 680 1499 1762 Spaces Moved 2752 | 45 263 558 284 715 887 Core 3 | 3 . . . . . Treads 1485 | 42 263 558 284 338 . Legs 869 | . . . . 377 492 Wheels . | . . . . . . Hover 395 | . . . . . 395 Flight . | . . . . . . Fastest Speed 50 | 50 160 160 240 120 102 Average Speed 169 | 152 160 206 240 178 121 Slowest Speed 310 | 160 160 240 240 260 310 Overloaded Moves . | . . . . . . Propulsion Burnouts . | . . . . . . Robots Hopped . | . . . . . . Cave-ins Triggered . | . . . . . . Exploration Rate (%) 61 | 3 49 90 60 99 66 Regions Visited 5 Branch Regions 3 Pre-discovered Areas 1 | . . 1 . . . Known Exits Taken 1 | . 1 . . . . Unknown Exits Taken 4 | 1 . 1 1 1 . Scrap Searched 4 | . . 2 . 2 . Spaces Dug 1 | . . . . 1 . Terrain Destroyed 3 | . . . . 3 . Melee . | . . . . . . Projectile 3 | . . . . 3 . AOE . | . . . . . . Terrain Rammed . | . . . . . . Walls Destroyed . | . . . . . . Machines Disabled . | . . . . . . Actions | -11 -10 -10 -10 -9 -8 --------- Run | Yrd Mat Min Exi Min Mat Total 3488 | 47 403 681 283 831 1243 Wait 52 | . 11 16 . 12 13 Move 2747 | 44 262 557 283 714 887 Hop . | . . . . . . Pick Up 11 | . 5 2 . 1 3 Fast Attach 38 | 3 2 6 . 6 21 Attach . | . . . . . . Detach 4 | . . 1 . 2 1 Swap 8 | . 1 . . 2 5 Drop 28 | . 5 6 . 4 13 Fire 451 | . 84 59 . 69 239 Melee . | . . . . . . Ram 1 | . . . . . 1 Kick 2 | . . . . 1 1 Crush 3 | . 2 1 . . . Escape Stasis . | . . . . . . Rewire . | . . . . . . Trap . | . . . . . . Miscellaneous 143 | . 31 33 . 20 59 Route ------- -11/Scrapyard -10/Materials (discovered 2 exits: *Min x2) -10/Mines (discovered 2 exits: [*Mat] / [*Exi]) -10/Exiles (discovered 2 exits: *Min x2) -9/Mines (discovered 2 exits: *Mat x2) -8/Materials (discovered 2 exits: [*Fac x2]) History --------- Turn | Location | Event 33 | -11/Scrapyard | Discovered new exit (range 16) 73 | -11/Scrapyard | Entered Materials 247 | -10/Materials | Upgraded with Utility slot (x1) 316 | -10/Materials | Build established: Mutant 554 | -10/Materials | Discovered new exit (range 12) 646 | -10/Materials | Build established: Hacker-Mutant 679 | -10/Materials | Identified exit to Mines 717 | -10/Materials | Entered Mines 719 | -10/Mines | Reached level 2 731 | -10/Mines | Assembled infested the area 736 | -10/Mines | Assisted by a Guerilla fighting off Assembled 1074 | -10/Mines | Discovered new exit (range 10) 1129 | -10/Mines | Core integrity fell below 50% 1201 | -10/Mines | Met a Derelict who couldn't figure out how to use a Trap Extractor 1218 | -10/Mines | Upgraded with Utility slot (x1) 1741 | -10/Mines | Learned Materials non-interactive machine intel 1888 | -10/Mines | Deemed a non-threat by the Exiles lab entrance 1888 | -10/Mines | Discovered new exit (range 5) 1964 | -10/Mines | Learned location of Storage (-7) 2047 | -10/Mines | Entered Exiles 2081 | -10/Exiles | Discovered new exit (range 14) 2122 | -10/Exiles | Met 8R-AWN 2316 | -10/Exiles | Met EX-HEX 2398 | -10/Exiles | Met EX-BIN 2566 | -10/Exiles | Met EX-DEC 2700 | -10/Exiles | Discovered new exit (range 11) 2727 | -10/Exiles | Entered Mines 2729 | -9/Mines | Reached level 3 2945 | -9/Mines | Discovered new exit (range 10) 3451 | -9/Mines | Excavation squad dispatched 3451 | -9/Mines | A large section of the Mines collapsed 3609 | -9/Mines | Reached level 4 3628 | -9/Mines | Upgraded with Propulsion slot (x1) 3628 | -9/Mines | Upgraded with Utility slot (x1) 3639 | -9/Mines | Upgraded with Propulsion slot (x1) 3809 | -9/Mines | Discovered new exit (range 7) 3970 | -9/Mines | Found the Drone Emporium 3981 | -9/Mines | Found Prototype Device 3981 | -9/Mines | Identified Bomb Drone Bay 4226 | -9/Mines | Entered Materials 4227 | -8/Materials | Loaded intel: 43 non-interactive machine locations 4228 | -8/Materials | Reached level 5 4228 | -8/Materials | Reached level 6 4587 | -8/Materials | Reached level 7 4604 | -8/Materials | Garrison activated, responded to threat 4907 | -8/Materials | Garrison activated, responded to threat 4915 | -8/Materials | Reached level 8 4947 | -8/Materials | Upgraded with Weapon slot (x1) 4983 | -8/Materials | Discovered new exit (range 14) 5366 | -8/Materials | Upgraded with Utility slot (x1) 5457 | -8/Materials | Garrison activated, responded to threat 5467 | -8/Materials | Reached level 9 5826 | -8/Materials | First assault squad dispatched 5911 | -8/Materials | Discovered new exit (range 13) 5932 | -8/Materials | Core integrity fell below 50% 5944 | -8/Materials | Reached level 10 5973 | -8/Materials | Core integrity fell below 20% 5988 | -8/Materials | Destroyed by B-36 Bruiser with Hammer Last Messages --------------- 05944_ Switching to secondary target: G-47 Trooper. 05945_ R-06 Scavenger collects Carbon-fiber Leg. 05947_ Critical hit (Burn: +37). 05949_ R-06 Scavenger collects Com. Battery. 05956_ R-06 Scavenger collects Imp. Ion Engine. 05959_ Destroyed Lgt. Nuclear Core. 05960_ G-47 Trooper critical meltdown. 05962_ Critical hit (Burn: +37). 05962_ System corrupted: Particle Gun failed to cycle. 05965_ G-47 Trooper destroyed. 05965_ Switching to secondary target: G-47 Trooper. 05968_ B-36 Bruiser suffers critical hit (Burn). 05969_ Knocked back. 05974_ G-47 Trooper suffers critical hit (Burn). 05978_ G-47 Trooper heat short circuits Imp. Heat Sink. 05978_ G-47 Trooper overheating. 05980_ Melted Particle Gun. 05980_ G-47 Trooper critical meltdown. 05982_ Hrd. Medium Armor Plating destroyed. 05986_ Protomatter-32 decays. Map ----- +----------------------------------------------------+ | ????# #???# # ! # # ## | | ????# #???# # ##+##### !!#[ ## | | """?+ #???# ## ## ??#! !!# ## | | """?# #???# ## ## ## #] ##% | | """?# #???# ] ## ## """ ##= ########% | | ????# #???# ## ## """ ## #??????#* | | ????# #???#######+#### ## """ ## #??????## | | ????# ########### ### # ## """ #???????? | | ????# % # ! ## """ #???????? | | ????# !%= #+####?# """ ##??????? | | ????# ########## *### # #????# #??????? | | ????#][=#????????# #?###### #????#########??????? | | ????#=% #????????# ######## ##??????????????????? | | ????# ! #????????# ######?????????????? | | ????# #????????# " % +?????????????? | | ????# #????##########%" ######?????????????? | | ????# ###### #" #??????"""?????????? | | ????# # """ + ![[ #??????"""?????????? | | """?# #= """ # [[[ ###### """?????????? | | """?# # = """ # [[[ % / ?????? | | """?# # ?###### ####### ?????? | | ??# #? ! ?###### #???????????????????? | | ??# # ??# # #???? ###+####??????? | | #+### # "T??# T =#%#?? #??????? | | # ???# [b#t# < #??????? | | ######???# @gg % #??????? | | [[[ #????????# ! g### ##????????????? | | [[[ #????????# =#??# ##?????????????? | | [[[ #????????# !#??? #??????????????? | | #????????#! #???? #??????????????? | | #######??######????? #??????????????? | | ????????????#??????????????? | | ???????????????????????????? | | """= ???????????????????????????? | | """" ######+#######????????????????????????????? | | """" #?????????????????????????????????????????? | | """"" #????"""??????????????????????????????????? | | """ #????"""??????????????????????????????????? | | #????"""??????????????????????????????????? | | #?????????????????????????????????????????? | | #????????????????????????????????????"""??? | | % ######???????????????????????????????"""??? | | ????????????????????????????"""??? | | ???????????????????????????????? | | "T" ??????????????????????????????? | | """ ##########??????????????????????????????? | | ######## #???????????????????????????????????????? | | ???????? #????????"""?"""????????????????????????? | | ???????? #????????"""?"""????????????????????????? | | ???????# #????????"""?"""????????????????????????? | +----------------------------------------------------+ Best States ------------- Heat Dissipation 73 Energy Generation 23 Energy Capacity 560 Matter Stores 300 Matter Capacity 300 Sight Range 16 Terrain Scan Range 16 Terrain Scan Density 110 Armor Coverage 450 Resistance: KI 20 Resistance: TH 20 Resistance: EX 20 Resistance: EM 20 Resistance: I 20 Resistance: S 20 Resistance: P 20 Evasion (%) 55 Targeting Accuracy 8 Recoil Reduction 1 Particle Charging 15 Offensive Hacking 30 Defensive Hacking 20 Item Schematics ----------------- Med. Laser | -8/Materials | Scanalyzed Robot Schematics ------------------ None Fabricated ------------ Nothing Alien Tech Used ----------------- None Achievements -------------- None Challenges ------------ None RPGLIKE | -11 -10 -10 -10 -9 -8 --------- Run | Yrd Mat Min Exi Min Mat Levels Raised 9 | . . 1 . 2 6 XP Earned 17881 | 4000 1405 1100 200 2274 8902 XP Spent 15360 | . 4000 800 . 2560 8000 Upgrades 32 | . 12 1 . 5 14 Propulsion Slot 2 | . . . . 2 . Utility Slot 4 | . 1 1 . 1 1 Weapon Slot 1 | . . . . . 1 Heat Dissipation 8 | . 1 . . 2 5 Energy Generation 1 | . 1 . . . . Energy Storage 1 | . 1 . . . . Inventory Capacity 3 | . 2 . . . 1 Ranged Accuracy 4 | . 2 . . . 2 Hack Attack % 4 | . 2 . . . 2 Hack Defense % 4 | . 2 . . . 2 Protomatter Created 1184 | . 253 155 . 136 640 Integrity Restored 2856 | . 594 681 . 409 1172 Core 2066 | . 484 525 . 318 739 Parts 790 | . 110 156 . 91 433 Protomatter Decayed 113 | . . 19 . 14 80 Game ------ Seed InertialLightClaw Manual? 0 Play Time 00:47:14 Cumulative 30.7 hours Start 2024.06.30 @ 13:46:13 End 2024.06.30 @ 14:32:55 Sessions 1 Manual Loads 0 Difficulty Adventurer Special Mode Winter2019/RPGLIKE Game No. 21 Rogue 6 Adventurer 15 Explorer 0 Win Type - Total 1 Types 1/0/0/0/0/0/0/0/0 Lore% 34 Gallery% 47 Achievement% 44 Wizard Run 0 Options --------- Layout 0 ASCII 0 Keyboard 1 Movement Numpad Keybinds 0 Fullscreen 1 Font 36/Crisp Map View 76x50 Zoom Use 0% Tactical HUD 1 Map Filters NONE Filters NONE Steam 1 RUN: ed47ecf6-14a2-4df0-a1f0-a0e8db08b106